Map: Oxide LE

Players

TeebuL - Winner!

  • Race: Protoss Protoss
  • Spawn Location: 7:00

BlysK

  • Race: Protoss Protoss
  • League: Master
  • Spawn Location: 1:00

Event: DreamHack SC2 Masters 2020 Winter

VOD

Have the link to the VOD?

Description

Time

  • Played on: Oct. 18, 2020, 6:44 a.m.
  • Length: 13:48

All games in this series

Show
View Real Time Build Order
Export as new Build Order

TeebuL Protoss - Winner!

Build Orders: 1 Gate Expand, Oracle Opening 

Get SALT Encoding   

  12  0:01  Probe  
  13  0:13  Probe  
  14  0:20  Pylon  
  14  0:25  Probe  
  15  0:38  Gateway, Probe (Chrono Boost)  
  16  0:48  Assimilator  
  16  0:49  Probe (Chrono Boost)  
  17  0:53  Probe (Chrono Boost)  
  18  1:04  Probe  
  19  1:15  Pylon  
  19  1:16  Probe  
  20  1:30  Nexus  
  20  1:38  Cybernetics Core, Probe  
  21  1:49  Assimilator  
  21  1:50  Probe  
  21  1:54  Pylon  
  22  2:02  Probe  
  23  2:12  Adept (Chrono Boost)  
  23  2:14  Probe (Chrono Boost)  
  26  2:25  Probe (Chrono Boost)  
  26  2:26  Pylon  
  27  2:30  Probe (Chrono Boost)  
  27  2:31  Stargate  
  28  2:40  Probe  
  28  2:43  Stalker  
  31  2:48  Shield Battery  
  31  2:50  Warp Gate  
  31  2:52  Probe  
  31  2:57  Probe  
  33  3:04  Shield Battery, Probe  
  34  3:09  Probe, Void Ray (Chrono Boost)  
  35  3:16  Probe  
  40  3:21  Probe  
  41  3:30  Gateway  
  41  3:33  Probe  
  40  3:36  Probe  
  41  3:43  Oracle (Chrono Boost)  
  41  3:45  Probe  
  45  3:48  Pylon  
  45  3:49  Probe  
  46  4:02  Pylon  
  46  4:06  Probe x2, Void Ray (Chrono Boost)  
  48  4:13  Shield Battery  
  48  4:15  Assimilator  
  52  4:18  Assimilator  
  52  4:19  Probe (Chrono Boost)  
  52  4:20  Probe (Chrono Boost)  
  54  4:31  Probe (Chrono Boost)  
  53  4:34  Twilight Council  
  53  4:36  Probe (Chrono Boost)  
  53  4:37  Probe (Chrono Boost)  
  54  4:39  Adept  
  54  4:41  Adept  
  54  4:43  Probe  
  59  4:49  Probe  
  57  4:55  Probe  
  58  5:01  Probe  
  59  5:07  Probe  
  59  5:11  Blink (Chrono Boost)  
  60  5:14  Dark Shrine  
  60  5:17  Pylon  
  60  5:18  Probe  
  60  5:21  Probe  
  62  5:35  Probe  
  63  5:37  Gateway x2  
  63  5:41  Pylon  
  59  5:43  Probe  
  59  5:48  Probe  
  61  5:50  Stalker x2  
  61  5:55  Robotics Facility  
  61  5:57  Pylon  
  61  6:09  Gateway  
  61  6:10  Gateway  
  61  6:15  Stalker x2  
  65  6:31  Dark Templar x2  
  65  6:38  Stalker x2  
  69  6:42  Immortal  
  73  6:55  Nexus  
  73  6:56  Pylon  
  73  7:02  Stalker x2  
  73  7:03  Sentry  
  73  7:08  Gateway  
  79  7:12  Shield Battery  
  79  7:14  Sentry  
  79  7:15  Sentry  
  79  7:17  Shadow Stride, Probe  
  79  7:18  Immortal (Chrono Boost)  
  86  7:28  Dark Templar  
  86  7:37  Pylon x2  
  86  7:40  Stalker x3  
  92  7:47  Nexus  
  92  7:50  Pylon  
  92  7:53  Stalker  
  93  8:11  Dark Templar x2  
  95  8:13  Stalker x2  
  95  8:18  Stalker  
  101  8:21  Zealot  
  101  8:25  Shield Battery  
  103  8:39  Stalker x2  
  105  8:55  Dark Templar  
  105  8:56  Dark Templar  
  107  9:03  Dark Templar  
  107  9:06  Probe  
  110  9:17  Assimilator, Charge (Chrono Boost)  
  110  9:18  Probe  
  110  9:19  Assimilator  
  110  9:21  Stalker x2  
  115  9:30  Probe  
  116  9:40  Zealot x4  
  116  9:42  Gateway  
  116  9:43  Gateway  
  118  9:47  Zealot  
  118  9:48  Zealot  
  118  9:49  Immortal  
  126  9:59  Pylon  
  126  10:00  Forge, Pylon  
  126  10:01  Zealot x3  
  132  10:18  Pylon  
  132  10:19  Pylon  
  132  10:20  Dark Templar x3, Pylon  
  138  10:23  Zealot x3  
  144  10:29  Protoss Ground Weapons Level 1 (Chrono Boost), Observer (Chrono Boost)  
  145  10:41  Stalker x2  
  149  10:52  Stalker x2  
  149  10:53  Stalker x4  
  143  11:08  Robotics Bay  
  129  11:23  Stalker x4  
  137  11:33  Nexus  
  137  11:37  Dark Templar x3  
  142  11:53  Dark Templar x2  
  112  12:35  Stalker x3  
  112  12:36  Stalker x4  
  92  12:49  Observer  
  91  12:56  Assimilator  
  91  12:58  Assimilator  
  91  13:00  Stalker x3  
  91  13:01  Stalker  
  99  13:11  Observer  
Show
View Real Time Build Order
Export as new Build Order

BlysK Protoss 

Build Orders: Oracle Opening 

Get SALT Encoding   

  12  0:00  Probe  
  13  0:13  Probe  
  14  0:17  Pylon  
  14  0:25  Probe  
  15  0:37  Gateway, Probe (Chrono Boost)  
  16  0:44  Assimilator  
  16  0:48  Probe (Chrono Boost)  
  17  0:53  Probe (Chrono Boost)  
  17  0:55  Assimilator  
  18  1:03  Probe (Chrono Boost)  
  19  1:14  Probe (Chrono Boost)  
  20  1:19  Probe (Chrono Boost)  
  23  1:27  Cybernetics Core  
  23  1:36  Pylon  
  23  1:37  Probe  
  22  1:49  Gateway, Probe  
  23  2:01  Probe  
  23  2:02  Warp Gate (Chrono Boost)  
  23  2:04  Stalker  
  26  2:13  Probe  
  27  2:24  Stargate  
  27  2:28  Probe  
  28  2:42  Pylon  
  27  2:44  Adept  
  27  2:45  Adept  
  31  3:07  Nexus  
  31  3:14  Pylon  
  31  3:15  Oracle (Chrono Boost)  
  34  3:27  Probe  
  35  3:30  Twilight Council  
  35  3:34  Shield Battery  
  36  3:48  Void Ray (Chrono Boost)  
  39  3:56  Pylon  
  39  4:04  Blink (Chrono Boost)  
  39  4:14  Probe  
  40  4:19  Probe  
  41  4:26  Probe  
  42  4:31  Stalker, Probe  
  42  4:33  Stalker  
  47  4:38  Probe  
  47  4:43  Probe  
  47  4:45  Pylon  
  46  4:50  Probe  
  45  4:58  Stalker x2  
  45  4:59  Shield Battery  
  49  5:00  Probe  
  49  5:02  Probe  
  51  5:09  Gateway  
  51  5:12  Probe  
  52  5:15  Probe  
  52  5:25  Probe  
  52  5:28  Stalker x2  
  55  5:29  Probe  
  58  5:37  Probe  
  59  5:45  Probe  
  59  5:47  Assimilator  
  59  5:48  Robotics Facility  
  59  5:49  Probe  
  57  5:53  Stalker  
  57  5:54  Pylon  
  59  5:57  Probe  
  59  6:01  Probe  
  61  6:05  Gateway  
  61  6:07  Gateway, Sentry  
  61  6:08  Sentry  
  61  6:09  Probe  
  66  6:13  Probe  
  66  6:17  Pylon  
  67  6:21  Probe  
  67  6:23  Gateway  
  68  6:29  Stalker  
  70  6:33  Warp Prism (Chrono Boost)  
  70  6:37  Stalker x2  
  76  6:41  Charge  
  76  6:45  Pylon  
  76  6:53  Gateway  
  76  6:55  Probe  
  76  6:56  Probe  
  76  6:58  Pylon  
  76  7:00  Pylon  
  78  7:02  Observer (Chrono Boost)  
  69  7:09  Stalker x2  
  68  7:18  Probe x2  
  70  7:26  Observer  
  71  7:30  Probe (Chrono Boost)  
  71  7:31  Probe (Chrono Boost)  
  73  7:42  Probe (Chrono Boost)  
  74  7:46  Probe (Chrono Boost)  
  74  7:49  Probe (Chrono Boost)  
  76  7:51  Probe (Chrono Boost)  
  76  7:55  Observer (Chrono Boost), Adept  
  76  7:56  Stalker x2  
  84  7:59  Stalker  
  82  8:07  Probe  
  82  8:08  Probe  
  82  8:19  Probe  
  83  8:20  Probe  
  83  8:23  Assimilator  
  83  8:26  Robotics Bay  
  84  8:32  Probe x2  
  79  8:44  Stalker, Probe  
  79  8:45  Stalker x2  
  81  8:56  Probe (Chrono Boost)  
  81  8:57  Probe (Chrono Boost)  
  82  9:08  Probe (Chrono Boost)  
  84  9:10  Probe (Chrono Boost)  
  84  9:13  Disruptor (Chrono Boost)  
  87  9:17  Probe  
  87  9:20  Probe  
  89  9:29  Probe  
  89  9:32  Stalker x2, Zealot  
  89  9:33  Stalker  
  93  9:40  Probe  
  93  9:41  Probe  
  94  9:52  Probe  
  95  9:53  Probe  
  96  10:03  Observer (Chrono Boost)  
  96  10:05  Stalker x2  
  101  10:10  Adept  
  103  10:17  Adept x2  
  103  10:20  Disruptor (Chrono Boost)  
  107  10:27  Pylon  
  110  10:42  Forge  
  110  10:52  Probe  
  111  11:01  Zealot x2  
  111  11:02  Zealot x4  
  117  11:10  Probe  
  118  11:21  Pylon  
  118  11:23  Shield Battery  
  118  11:26  Photon Cannon  
  118  11:35  Protoss Ground Weapons Level 1  
  118  11:42  Nexus  
  121  11:58  Templar Archives  
  93  12:22  Zealot x2  
  93  12:23  Zealot x4  
  93  12:26  Probe  
  80  12:34  Zealot  
  38  12:46  Stalker x5  
Tags
 
Add a new tag
Caveats
  • Supply blocks, unpowered buildings, or Contaminate may cause inaccurate times.
  • Supply counts are checked every 10 seconds.